 Dungeon Crawl Stone Soup version 0.22-a0-558-gc2241811a9 (webtiles) character file.

48087 PikkenKukken the Peltast (level 14, 0/129 HPs)
             Began as a Minotaur Fighter on June 26, 2018.
             Was the Champion of Yredelemnul.
             Slain by a death yak (4 damage)
             ... on level 6 of the Lair of Beasts.
             The game lasted 00:57:55 (17928 turns).

PikkenKukken the Peltast (Minotaur Fighter)        Turns: 17928, Time: 00:57:56

Health: 0/129      AC: 20    Str: 24    XL:     14   Next: 11%
Magic:  19/19      EV:  2    Int: 12    God:    Yredelemnul [******]
Gold:   1324       SH:  0    Dex: 14    Spells: 13/13 levels left

rFire    . . .     SeeInvis .   a - +1 war axe (flame)
rCold    + . .     Gourm    .   w - +1 buckler "Wiar" {rN+++}
rNeg     + + +     Faith    .   S - +2 plate armour {rC+}
rPois    ∞         Spirit   .   (helmet restricted)
rElec    .         Reflect  .   s - +1 cloak
rCorr    .         Harm     .   (no gloves)
MR       +....                  (no boots)
Stlth    ..........             q - amulet of regeneration
HPRegen  0.71/turn              G - +5 ring of intelligence
MPRegen  0.16/turn              U - ring of poison resistance

@: petrified
A: retaliatory headbutt, horns 2, talons 1, repulsion field 1, thin skeletal
structure 1, clever 1, wild magic 1
a: Recall Undead Slaves, Injury Mirror, Animate Dead, Drain Life, Enslave Soul,
Renounce Religion


You were on level 6 of the Lair of Beasts.
You worshipped Yredelemnul.
Yredelemnul was exalted by your worship.
You were not hungry.

You visited 4 branches of the dungeon, and saw 20 of its levels.

You collected 1676 gold pieces.
You spent 352 gold pieces at shops.

Inventory:

Hand Weapons
 a - a +1 war axe of flaming (weapon)
 m - a +1 war axe of freezing
 p - the +6 flail of Fate {elec, +Fly rF+ Stlth+}
   (You found it on level 6 of the Lair of Beasts)

   Occasionally, upon striking a foe, it will discharge some electrical energy
   and cause terrible harm.
   It protects you from fire.
   It lets you fly.
   It makes you more stealthy.
 L - a +3 hand axe
 N - a +0 hand crossbow
Missiles
 b - 76 bolts
 k - a tomahawk of returning (quivered)
 x - 4 javelins
 R - 3 tomahawks
Armour
 c - a +1 shield
 s - a +1 cloak (worn)
 w - the +1 buckler "Wiar" (worn) {rN+++}
   (You found it on level 6 of the Dungeon)

   It renders you almost immune to negative energy.
 S - a +2 plate armour of cold resistance (worn)
Jewellery
 q - an amulet of regeneration (around neck)
 r - an uncursed ring of flight
 B - an uncursed ring of positive energy
 G - a +5 ring of intelligence (left hand)
 M - an uncursed ring of protection from fire
 O - an uncursed ring of resist corrosion
 U - a ring of poison resistance (right hand)
Wands
 h - a wand of random effects (62)
 u - a wand of iceblast (12)
 C - a wand of disintegration (45)
 H - a wand of paralysis (46)
 T - a wand of enslavement (14)
Scrolls
 g - 3 scrolls of enchant armour
 i - 6 scrolls of teleportation
 v - 4 scrolls of fear
 A - 4 scrolls of enchant weapon
 D - 5 scrolls of blinking
 F - a scroll of fog
 J - 6 scrolls of identify
 P - 3 scrolls of remove curse
 Q - a scroll of magic mapping
 W - a scroll of brand weapon
Potions
 d - 2 potions of might
 e - a potion of magic
 j - 4 potions of curing
 l - 2 potions of resistance
 n - 5 potions of heal wounds
 o - a potion of invisibility
 t - a potion of ambrosia
 z - a potion of agility
 E - 2 potions of lignification
 I - a potion of flight
 K - a potion of haste
Miscellaneous
 y - a phial of floods
Comestibles
 f - 31 rations


   Skills:
 + Level 13.0 Fighting
 + Level 12.7 Axes
 - Level 8.0 Crossbows
 - Level 7.3 Throwing
 + Level 13.0 Armour
 + Level 16.2 Shields
 - Level 8.0 Invocations


You had 13 spell levels left.
You didn't know any spells.
Your spell library contained the following spells:

 Spells                   Type           Power        Failure   Level  Hunger
 Cause Fear               Hex            #.........   100%        4    #####..
 Fireball                 Conj/Fire      #.........   100%        5    ######.
 Apportation              Tloc           #.....       98%         1    ##.....
 Conjure Flame            Conj/Fire      #.......     100%        3    ####...
 Slow                     Hex            #.......     99%         2    ###....
 Throw Flame              Conj/Fire      #.....       99%         2    ###....
 Throw Frost              Conj/Ice       #.....       99%         2    ###....
 Freezing Cloud           Conj/Ice/Air   #.........   100%        6    #######
 Ring of Flames           Chrm/Fire      #.........   100%        7    #######
 Summon Small Mammal      Summ           #...         98%         1    ##.....
 Animate Skeleton         Necr           N/A          98%         1    ##.....
 Freeze                   Ice            #...         98%         1    ##.....
 Sticky Flame             Conj/Fire      #.......     100%        4    #####..
 Summon Ice Beast         Ice/Summ       #.......     100%        4    #####..
 Ozocubu's Armour         Chrm/Ice       #.......     100%        3    ####...
 Stone Arrow              Conj/Erth      #.....       100%        3    ####...
 Throw Icicle             Conj/Ice       #.......     100%        4    #####..
 Confusing Touch          Hex            #.....       98%         1    ##.....
 Flame Tongue             Conj/Fire      #....        98%         1    ##.....
 Passwall                 Tmut/Erth      #.......     99%         2    ###....
 Static Discharge         Conj/Air       #.......     100%        3    ####...
 Corona                   Hex            #......      98%         1    ##.....
 Lee's Rapid Deconstruct  Erth           #.........   100%        5    ######.
 Sandblast                Erth           #.....       98%         1    ##.....
 Portal Projectile        Hex/Tloc       #.....       100%        3    ####...
 Petrify                  Tmut/Erth      #.......     100%        4    #####..
 Leda's Liquefaction      Hex/Erth       #.........   100%        4    #####..
 Inner Flame              Hex/Fire       #.......     100%        3    ####...
 Summon Lightning Spire   Summ/Air       #.......     100%        4    #####..


Dungeon Overview and Level Annotations

Branches:
Dungeon (11/15)            Temple (1/1) D:6            Lair (6/6) D:11
 Shoals (0/4) Lair:2        Snake (0/4) Lair:2        Slime (0/5) Lair:6
    Orc (2/2) D:9             Elf (0/3) Orc:2

Altars:
Ashenzari
Dithmenos
Fedhas
Hepliaklqana
Kikubaaqudgha
Makhleb
Nemelex Xobeh
Okawaru
Xom
Yredelemnul
Zin
The Shining One
Beogh

Shops:
D:10 *   Orc:1 ?   Orc:2 *([[

Portals:
Volcano: Lair:5

Annotations:
D:4 2 runed doors


Innate Abilities, Weirdness & Mutations

You reflexively headbutt those who attack you in melee.
You have a pair of horns on your head.
You have sharp toenails.
You are surrounded by a mild repulsion field. (EV +2)
You have a somewhat thin skeletal structure. (Dex +2, Stealth)
Your mind is acute. (Int +2)
Your spells are a little harder to cast, but a little more powerful.


Message History

The death yak gores you.
The death yak gores you but does no damage.
Your death yak zombie is engulfed in calcifying dust.
The death yak gores you but does no damage.
The death yak gores you but does no damage.
The death yak gores you.
* * * LOW HITPOINT WARNING * * *
The death yak gores you!!
* * * LOW HITPOINT WARNING * * *
The death yak gores you!
* * * LOW HITPOINT WARNING * * *
The death yak gores you.
* * * LOW HITPOINT WARNING * * *
The death yak gores you!!
* * * LOW HITPOINT WARNING * * *
The death yak gores you.
* * * LOW HITPOINT WARNING * * *
The death yak gores you!
You die...
Your body rises from the dead as a mindless zombie. #ZZZ# ##..# ZZ.Z## #..## ZZ.ZZ#

.. #...#
.P..P# . ##.
#...# ...Z.#
..###.. #...#
#....# 8.....Y
#...# ##...P#
.÷...Y.##Z.##
##...#
#...Y..#zZ##
#P....
#...÷#@##
##....P
#.÷.YY#
##.....
##..P.P#
##...........#
#####P..##
###.# ###


You could see 2 death yaks, a friendly flying skull, a friendly water moccasin
zombie and a friendly death yak zombie (petrified).

Vanquished Creatures
  Gastronok (Lair:1)
  A dire elephant (Lair:6)
  A catoblepas (Lair:6)
  A hydra (Lair:5)
  A centaur warrior (D:10)
  3 death yaks
  2 two-headed ogres
  Urug (Lair:3)
  5 orc high priests (Orc:2)
  An unseen horror (D:10)
  Pikel (D:4)
  8 orc knights
  An orc sorcerer (Orc:1)
  2 ugly things
  The ghost of D1HalberdGnoll the Ruffian, a novice TrMo of Wu Jian (D:6)
  2 cyclopes
  4 elephants (Lair:6)
  9 spiny frogs
  3 komodo dragons
  2 polar bears
  A troll (Orc:1)
  Prince Ribbit (D:7)
  Grinder (D:6)
  15 blink frogs
  2 hippogriffs
  A snapping turtle (Lair:2)
  A shadow (D:11)
  20 yaks
  A wraith (D:10)
  3 basilisks
  2 hungry ghosts
  4 nagas (Lair:2)
  A steam dragon (D:11)
  A warg (Orc:2)
  14 water moccasins
  4 porcupines
  19 orc warriors
  An ice beast (D:9)
  2 sky beasts
  2 black bears
  3 phantoms
  11 ogres
  4 necrophages
  A wolf (Lair:6)
  5 centaurs
  7 crocodiles
  Blork the orc (D:6)
  6 bullfrogs
  A wyvern zombie (D:10)
  2 water moccasin zombies
  4 scorpions
  A wyvern skeleton (D:8)
  13 wights
  11 killer bees
  2 electric eels (Lair:2)
  2 crimson imps
  5 bullfrog zombies
  3 hounds
  A centaur zombie (D:9)
  Crazy Yiuf (D:3)
  18 orc priests
  2 centaur skeletons
  9 jellies
  20 orc wizards
  An iguana (D:7)
  Jessica (D:3)
  11 worker ants
  2 hound skeletons
  A hound zombie (D:5)
  A howler monkey zombie (D:5)
  2 mummies
  Robin (D:3)
  11 adders
  5 gnolls
  3 shadow imps
  5 oozes (D:10)
  2 adder zombies (D:9)
  An adder skeleton (D:5)
  A worm (D:2)
  4 dart slugs
  7 leopard geckos
  59 orcs
  12 giant cockroaches
  22 goblins
  4 hobgoblins
  17 jackals
  8 kobolds
  3 quokkas
  2 ball pythons (D:4)
  11 bats
  5 frilled lizards
  A leopard gecko skeleton (D:6)
  A quokka zombie (D:9)
  5 rats
  3 fungi
  2 plants (Lair:6)
493 creatures vanquished.

Vanquished Creatures (collateral kills)
  3 death yaks
  An orc knight (Orc:2)
  9 elephants (Lair:6)
  A black mamba (Lair:4)
  A centaur zombie (D:10)
  2 spiny frogs
  A komodo dragon (Lair:2)
  2 polar bears
  6 blink frogs
  A hippogriff (Lair:5)
  A yak (Lair:6)
  3 water moccasins
  7 orc warriors
  A black bear (Lair:6)
  A sky beast (D:9)
  A necrophage (D:9)
  4 wolves (Lair:6)
  2 crocodiles
  4 bullfrogs
  3 wights (D:9)
  4 jellies (Lair:6)
  5 orc priests (Orc:2)
  A howler monkey skeleton (D:10)
  2 gnolls (Orc:2)
  2 oozes (Lair:6)
  8 orcs (Orc:2)
  14 fungi
  17 plants
107 creatures vanquished.

Vanquished Creatures (others)
  A phantasmal warrior (Lair:6)
  A centaur zombie (D:10)
  A black mamba (Lair:6)
  12 flying skulls
  A vampire (Lair:4)
  A two-headed ogre zombie (D:10)
  A water moccasin (Lair:6)
  2 spiny frog zombies (Lair:6)
  7 elephant zombies (Lair:6)
  3 blink frog zombies (Lair:4)
  A water moccasin zombie (Lair:6)
  6 yak zombies
  A wolf zombie (Lair:6)
  A black bear zombie (Lair:6)
  3 human skeletons (Lair:6)
  A crocodile zombie (Lair:6)
  2 ogre zombies
  2 dwarf skeletons (Lair:6)
  A mummy (D:11)
  2 orc skeletons
  29 orc zombies
  4 fungi
  2 plants
85 creatures vanquished.

Grand Total: 685 creatures vanquished

Notes
Turn   | Place    | Note
-------+----------+-------------------------------------------
     0 | D:1      | PikkenKukken the Minotaur Fighter began the quest for the Orb.
     0 | D:1      | Reached XP level 1. HP: 19/19 MP: 0/0
     0 | D:1      | Noticed a minotaur skeleton
     5 | D:1      | Noticed a minotaur skeleton
    12 | D:1      | Noticed a minotaur skeleton
    16 | D:1      | Noticed a minotaur skeleton
   160 | D:1      | Reached XP level 2. HP: 27/27 MP: 1/1
   204 | D:1      | Reached skill level 4 in Shields
   518 | D:1      | Reached XP level 3. HP: 30/33 MP: 2/2
  1013 | D:2      | Reached skill level 1 in Throwing
  1018 | D:2      | Reached XP level 4. HP: 40/40 MP: 3/3
  1424 | D:2      | Found a shattered altar of Ashenzari.
  1734 | D:3      | Noticed Robin
  1746 | D:3      | Killed Robin
  1786 | D:3      | Reached XP level 5. HP: 34/47 MP: 4/4
  1846 | D:3      | Noticed Jessica
  1854 | D:3      | Killed Jessica
  2111 | D:3      | Found a runed door.
  2115 | D:3      | Noticed Crazy Yiuf
  2118 | D:3      | Killed Crazy Yiuf
  2228 | D:3      | Found a shadowy altar of Dithmenos.
  2453 | D:4      | Found a large runed door.
  2453 | D:4      | Found a large runed door.
  2462 | D:4      | Reached skill level 5 in Shields
  2462 | D:4      | Reached XP level 6. HP: 39/55 MP: 5/5
  2643 | D:4      | Reached skill level 5 in Fighting
  2691 | D:4      | Found a large runed door.
  2691 | D:4      | Found a large runed door.
  2742 | D:4      | Reached skill level 5 in Armour
  2867 | D:4      | Reached XP level 7. HP: 39/61 MP: 6/6
  3025 | D:3      | Reached skill level 6 in Shields
  3331 | D:4      | Noticed Pikel
  3356 | D:4      | Killed Pikel
  3356 | D:4      | Reached skill level 5 in Axes
  3356 | D:4      | Reached skill level 7 in Shields
  3356 | D:4      | Reached XP level 8. HP: 20/70 MP: 7/7
  3801 | D:4      | Identified Kimebinyre's Guide on Boosting Air
  4023 | D:5      | Entered Level 5 of the Dungeon
  4237 | D:5      | Reached skill level 8 in Shields
  4272 | D:5      | Gained mutation: You passively map a small area around you. [potion of mutation]
  4272 | D:5      | Gained mutation: You have sharp toenails. [potion of mutation]
  4272 | D:5      | Gained mutation: You are surrounded by a mild repulsion field. (EV +2) [potion of mutation]
  4272 | D:5      | Gained mutation: Your spells are a little harder to cast, but a little more powerful. [potion of mutation]
  4747 | D:6      | Noticed D1HalberdGnoll's ghost (novice TrMo)
  4765 | D:6      | Found a runed gate.
  4765 | D:6      | Found a runed gate.
  4767 | D:6      | Found a runed gate.
  4895 | D:6      | Noticed Blork the orc
  4903 | D:6      | Killed Blork the orc
  5108 | D:6      | Found a staircase to the Ecumenical Temple.
  5114 | Temple   | Entered the Ecumenical Temple
  5128 | Temple   | Became a worshipper of Yredelemnul the Dark
  5180 | D:6      | Reached skill level 9 in Shields
  5183 | D:6      | Noticed Grinder
  5210 | D:6      | Reached XP level 9. HP: 75/79 MP: 8/8
  5213 | D:6      | Paralysed by Grinder for 2 turns
  5216 | D:6      | Killed Grinder
  5216 | D:6      | Reached skill level 5 in Throwing
  5253 | D:6      | Got a bloodstained buckler
  5529 | D:7      | Found a hazy altar of Hepliaklqana.
  5569 | D:7      | Noticed Prince Ribbit
  5576 | D:7      | Killed Prince Ribbit
  5662 | D:7      | Reached skill level 10 in Shields
  6122 | D:8      | Reached skill level 1 in Invocations
  6228 | D:8      | Reached * piety under Yredelemnul
  6264 | D:8      | Found a burning altar of Makhleb.
  6463 | D:8      | Reached XP level 10. HP: 88/90 MP: 10/10
  6777 | D:9      | Found Zin's Purification Station.
  6780 | D:9      | Found a glowing silver altar of Zin.
  6798 | D:9      | Bought a potion of curing for 90 gold pieces
  6836 | D:9      | Reached skill level 11 in Shields
  6858 | D:9      | Identified the +1 buckler "Wiar" {rN+++} (You found it on level 6 of the Dungeon)
  6935 | D:9      | Found a staircase to the Orcish Mines.
  7002 | D:9      | Reached ** piety under Yredelemnul
  7006 | D:9      | Noticed a two-headed ogre
  7033 | D:9      | Killed a two-headed ogre
  7157 | D:9      | Found an ancient bone altar of Kikubaaqudgha.
  7381 | D:9      | Found a roughly hewn altar of Beogh.
  7560 | D:9      | Found a blossoming altar of Fedhas.
  7582 | D:10     | Entered Level 10 of the Dungeon
  7610 | D:10     | Noticed a centaur warrior
  7738 | D:10     | Killed a centaur warrior
  7738 | D:10     | Reached skill level 12 in Shields
  7835 | D:10     | Reached XP level 11. HP: 86/95 MP: 13/13
  7906 | D:10     | Reached *** piety under Yredelemnul
  7973 | D:10     | Noticed a two-headed ogre
  7981 | D:10     | Killed a two-headed ogre
  8219 | D:10     | Found Doydyc's Serpentskin Sales.
  8351 | D:10     | Killed an unseen horror
  8351 | D:10     | Reached skill level 1 in Crossbows
  8748 | D:11     | Found a staircase to the Lair.
  8748 | D:11     | Noticed a cyan ugly thing
  8758 | D:10     | Killed a cyan ugly thing
  8758 | D:10     | Reached skill level 10 in Fighting
  8758 | D:10     | Reached skill level 10 in Armour
  8884 | D:11     | Reached skill level 5 in Invocations
  8887 | D:11     | Noticed a brown ugly thing
  8899 | D:11     | Killed a brown ugly thing
  8899 | D:11     | Received a gift from Yredelemnul (a mummy)
  9288 | Lair:1   | Entered Level 1 of the Lair of Beasts
  9359 | Lair:1   | Reached skill level 13 in Shields
  9772 | Lair:1   | Reached **** piety under Yredelemnul
  9860 | Lair:1   | Noticed Gastronok
  9872 | Lair:1   | Reached skill level 10 in Axes
  9881 | Lair:1   | Killed Gastronok
  9940 | Lair:1   | Reached XP level 12. HP: 97/107 MP: 15/15
 10401 | Lair:2   | Reached skill level 5 in Crossbows
 10485 | Lair:2   | Received a gift from Yredelemnul (a wight)
 10781 | Lair:2   | Found a staircase to the Snake Pit.
 10867 | Lair:2   | Received a gift from Yredelemnul (a mummy)
 11145 | Lair:2   | Found a staircase to the Shoals.
 11421 | D:6      | Killed D1HalberdGnoll's ghost
 11562 | Orc:1    | Entered Level 1 of the Orcish Mines
 11645 | Orc:1    | Paralysed by an orc sorcerer for 2 turns
 11874 | Orc:1    | Found Qiustr Qofecs's Magic Scroll Boutique.
 11884 | Orc:1    | Bought a scroll of identify for 22 gold pieces
 11884 | Orc:1    | Bought 2 scrolls of blinking for 165 gold pieces
 12112 | Orc:2    | Entered Level 2 of the Orcish Mines
 12442 | Orc:2    | Reached skill level 14 in Shields
 12518 | Orc:1    | Reached ***** piety under Yredelemnul
 12907 | Orc:2    | Found a staircase to the Elven Halls.
 12927 | Orc:2    | Received a gift from Yredelemnul (4 flying skulls)
 13357 | Orc:2    | Noticed an orc high priest
 13369 | Orc:2    | Killed an orc high priest
 13413 | Orc:2    | Noticed an orc high priest
 13413 | Orc:2    | Noticed an orc high priest
 13688 | Orc:2    | Killed an orc high priest
 13690 | Orc:2    | Killed an orc high priest
 13751 | Orc:2    | Noticed an orc high priest
 13765 | Orc:2    | Killed an orc high priest
 13765 | Orc:2    | Reached XP level 13. HP: 94/116 MP: 18/18
 14547 | Orc:2    | Found Ceublut's Armour Boutique.
 14550 | Orc:2    | Found Wiefywk's General Store.
 14551 | Orc:2    | Found Hihad's Antique Armour Boutique.
 14552 | Orc:2    | Found Giypnebb's Antique Weapon Shop.
 14556 | Orc:2    | Bought a potion of heal wounds for 75 gold pieces
 15022 | Lair:3   | Noticed Urug
 15048 | Lair:3   | Killed Urug
 15048 | Lair:3   | Reached skill level 15 in Shields
 15819 | Lair:4   | Received a gift from Yredelemnul (a vampire)
 16539 | Lair:5   | Received a gift from Yredelemnul (4 flying skulls)
 16607 | Lair:5   | Received a gift from Yredelemnul (2 flying skulls)
 16847 | Lair:5   | Lost mutation: You passively map a small area around you. [potion of mutation]
 16847 | Lair:5   | Gained mutation: You have a somewhat thin skeletal structure. (Dex +2, Stealth) [potion of mutation]
 16847 | Lair:5   | Gained mutation: Your mind is acute. (Int +2) [potion of mutation]
 16943 | Lair:5   | Found a dark tunnel.
 17214 | Lair:6   | Entered Level 6 of the Lair of Beasts
 17238 | Lair:6   | Got a polished flail
 17251 | Lair:6   | Identified the +6 flail of Fate {elec, +Fly rF+ Stlth+} (You found it on level 6 of the Lair of Beasts)
 17369 | Lair:6   | Reached skill level 16 in Shields
 17373 | Lair:6   | Reached ****** piety under Yredelemnul
 17373 | Lair:6   | Received a gift from Yredelemnul (a phantasmal warrior)
 17423 | Lair:6   | Received a gift from Yredelemnul (3 flying skulls)
 17431 | Lair:6   | Found a staircase to the Slime Pits.
 17751 | Lair:6   | Reached XP level 14. HP: 111/127 MP: 19/19
 17927 | Lair:6   | HP: 4/129 [death yak (9)]
 17928 | Lair:6   | Slain by a death yak

Vault maps used:
D:1:      shiori_arrival_whats_in_store_for_you
D:2:      overflow_temple_1_default
D:3:      nicolae_dithmenos_through_a_glass_darkly, minmay_misc_feat_rugged,
          uniq_crazy_yiuf_cottage, uniq_jessica, uniq_robin
D:4:      first_ration, minmay_hollow_rounded_squares, uniq_pikel
D:5:      grunt_ministairs_1, minmay_misc_feat_secret_circle
D:6:      minmay_temple_entry_enclosed_plants, gammafunk_ghost_split,
          uniq_blork_the_orc, uniq_grinder
D:7:      old_standard_altar, uniq_prince_ribbit1
D:8:      nicolae_overflow_hidden_temple
D:9:      marbit_many_paths, zin_purify, lemuel_coloured_pillars_altar,
          minmay_orc_entry_temple_small, serial_undead, serial_undead_e,
          serial_undead_f, serial_undead_e, serial_undead_d, serial_undead_d,
          serial_undead_b, serial_undead_d, serial_undead_c, serial_undead_f,
          serial_undead_b, kennysheep_generic_room_16
D:10:     hangedman_little_slice_of_home, guppyfry_shop_venom
D:11:     due_megacathedral
Temple:   regret_index_temple_waves
Lair:1:   st_stairs_9, uniq_gastronok
Lair:2:   minmay_shoals_entry_hut, minmay_snake_entry_guardpost_large,
          grunt_megastairs_3, infiniplex_staircase_pool_2
Lair:3:   uniq_urug
Lair:4:   ldierk_geyser
Lair:5:   lightli_volcano_entry_magma_tube, st_stairs_11, lemuel_fruit_fields,
          serial_bayou_shore_b
Lair:6:   grunt_lair_end_beastmaster, nicolae_slime_entry_slimehenge
Orc:1:    serial_shops, shop
Orc:2:    st_orc_pillars, lightli_orcish_oven

Skill      XL: |  1  2  3  4  5  6  7  8  9 10 11 12 13 14 |
---------------+-------------------------------------------+-----
Fighting       | 4 5 6 7 8 9 10 11 12 13 | 13.0
Shields        | 4 5 7 9 10 12 13 14 16 | 16.2
Armour         | 4 5 6 7 8 9 10 11 12 13 | 13.0
Throwing       | 1 2 3 4 6 7 |  7.3
Axes           | 3 4 5 6 8 9 10 11 12 | 12.7
Invocations    | 2 4 6 8 |  8.0
Crossbows      | 4 7 8 |  8.0

Action                   |  1- 3 |  4- 6 |  7- 9 | 10-12 | 13-15 || total
-------------------------+-------+-------+-------+-------+-------++-------
Melee: War axe           |    91 |   152 |   288 |   686 |   322 ||  1539
       Headbutt          |    12 |    26 |    48 |   138 |    88 ||   312
       Kick              |       |       |    61 |   209 |   129 ||   399
       Flail             |       |       |       |       |    21 ||    21
Throw: Tomahawk          |       |     5 |     6 |    86 |    26 ||   123
Invok: Animate Remains   |       |       |       |     2 |       ||     2
       Injury Mirror     |       |       |       |     1 |       ||     1
       Animate Dead      |       |       |       |    13 |    16 ||    29
  Use: Scroll            |     1 |     7 |    10 |     6 |     1 ||    25
       Potion            |       |       |     8 |     5 |     3 ||    16
 Stab: Distracted        |       |     1 |       |     5 |     5 ||    11
  Eat: Chunk             |       |     7 |     8 |    22 |     3 ||    40
       Ration            |       |       |     1 |     3 |     5 ||     9
Armor: Scale mail        |    55 |    61 |       |       |       ||   116
       Chain mail        |       |    20 |    68 |       |       ||    88
       Plate armour      |       |       |    58 |   412 |   140 ||   610
Dodge: Dodged            |    29 |    45 |    68 |   216 |   107 ||   465
Block: Shield            |    57 |   101 |   186 |    82 |       ||   426
       Buckler           |       |       |       |   253 |   147 ||   400

Table legend:
 A = Spawn XP
 B = Non-spawn XP
 C = Spawn XP percentage of total XP
 D = Spawn monster count
 E = Non-spawn monster count
 F = Spawn count percentage of total count
 G = Total turns spent on level
                    A         B        C        D         E        F      G
               +---------+---------+-------+---------+---------+-------+---------
         Total |       0 |   68697 |   0.0 |       0 |     564 |   0.0 | 17928
               +---------+---------+-------+---------+---------+-------+---------
           D:1 |       0 |      50 |   0.0 |       0 |      26 |   0.0 |   812
           D:2 |       0 |      71 |   0.0 |       0 |      24 |   0.0 |   902
           D:3 |       0 |     284 |   0.0 |       0 |      52 |   0.0 |   691
           D:4 |       0 |    1252 |   0.0 |       0 |      22 |   0.0 |  1618
           D:5 |       0 |     625 |   0.0 |       0 |      23 |   0.0 |   717
           D:6 |       0 |    1604 |   0.0 |       0 |      16 |   0.0 |   784
           D:7 |       0 |    1329 |   0.0 |       0 |      14 |   0.0 |   694
           D:8 |       0 |    1339 |   0.0 |       0 |      21 |   0.0 |   688
           D:9 |       0 |    3791 |   0.0 |       0 |      59 |   0.0 |  1020
          D:10 |       0 |    5178 |   0.0 |       0 |      41 |   0.0 |  1181
          D:11 |       0 |    1872 |   0.0 |       0 |      14 |   0.0 |   456
        Lair:1 |       0 |    5635 |   0.0 |       0 |      21 |   0.0 |  1102
        Lair:2 |       0 |    4455 |   0.0 |       0 |      23 |   0.0 |  1041
        Lair:3 |       0 |    2110 |   0.0 |       0 |       7 |   0.0 |   826
        Lair:4 |       0 |    7602 |   0.0 |       0 |      28 |   0.0 |   851
        Lair:5 |       0 |    3956 |   0.0 |       0 |      18 |   0.0 |   698
        Lair:6 |       0 |   12063 |   0.0 |       0 |      47 |   0.0 |   714
         Orc:1 |       0 |    3158 |   0.0 |       0 |      15 |   0.0 |  1090
         Orc:2 |       0 |   12323 |   0.0 |       0 |      93 |   0.0 |  2014
               +---------+---------+-------+---------+---------+-------+---------
